Map: Kairos Junction LE

Players

Reynor

  • Race: Zerg Zerg
  • Spawn Location: 5:00

gumiho - Winner!

  • Race: Terran Terran
  • Spawn Location: 11:00

Event: IEM Season 13: Katowice (2019)

VOD

Have the link to the VOD?

Description

Time

  • Played on: Feb. 26, 2019, 8:55 a.m.
  • Length: 20:04

All games in this series

Show
View Real Time Build Order
Export as new Build Order

Reynor Zerg 

Build Orders: Hatch First, Swarm Host 

Get SALT Encoding   

  12  0:00  Drone  
  13  0:12  Overlord  
  13  0:16  Drone  
  14  0:30  Drone x2  
  16  0:48  Hatchery  
  15  0:51  Drone  
  15  0:54  Drone  
  17  0:57  Drone  
  18  1:08  Extractor  
  17  1:13  Spawning Pool  
  17  1:17  Drone  
  17  1:20  Drone  
  18  1:28  Drone  
  19  1:38  Drone  
  20  1:49  Drone  
  21  2:01  Queen x2  
  21  2:02  Zergling x4  
  27  2:17  Hatchery  
  27  2:18  Drone  
  27  2:25  Overlord  
  27  2:33  Drone  
  27  2:34  Metabolic Boost  
  27  2:43  Drone x2  
  27  2:44  Drone x2  
  31  2:50  Queen  
  33  2:56  Overlord  
  33  2:59  Drone  
  33  3:04  Zergling x2  
  35  3:15  Overlord, Drone x3  
  35  3:16  Drone  
  39  3:23  Zergling x2  
  39  3:26  Queen  
  40  3:29  Drone x2  
  40  3:33  Drone  
  45  3:36  Queen  
  45  3:38  Drone  
  45  3:41  Zergling x2  
  49  3:47  Zergling x6  
  49  3:48  Zergling x2  
  49  3:49  Queen  
  49  3:54  Overlord  
  51  3:56  Drone x2  
  51  3:57  Zergling x2  
  51  3:59  Drone  
  51  4:00  Drone  
  56  4:07  Zergling x4, Spore Crawler  
  56  4:08  Zergling x2  
  56  4:12  Zergling x4  
  56  4:17  Queen  
  55  4:18  Zergling x2  
  55  4:23  Zergling x4  
  55  4:28  Drone  
  55  4:30  Queen  
  54  4:32  Drone x2  
  54  4:33  Zergling x4  
  54  4:37  Zergling x6  
  56  4:39  Zergling x2  
  56  4:45  Zergling x2, Roach Warren  
  54  4:49  Zergling x2  
  54  4:50  Extractor, Zergling x2  
  56  4:58  Drone x3  
  56  5:09  Overlord x2  
  56  5:24  Roach  
  56  5:25  Roach x4  
  56  5:26  Extractor  
  56  5:27  Roach x3  
  71  5:30  Zergling x2  
  72  5:36  Zergling x2  
  72  5:37  Zergling x8  
  72  5:38  Zergling x4  
  72  5:40  Zergling x6  
  82  5:43  Overlord  
  82  5:49  Overlord  
  82  5:58  Overlord  
  82  6:02  Zergling x4  
  82  6:03  Zergling x6  
  87  6:05  Ravager x2  
  87  6:07  Zergling x2  
  90  6:14  Overlord  
  90  6:18  Ravager x3  
  93  6:19  Zergling x2  
  93  6:20  Zergling x8  
  93  6:23  Overlord  
  98  6:38  Drone x7  
  98  6:39  Drone  
  106  6:40  Lair  
  106  6:43  Drone x3  
  106  6:45  Ravager  
  110  6:47  Ravager  
  110  6:49  Drone  
  110  6:50  Drone x2  
  110  6:52  Overlord  
  114  6:55  Drone  
  114  6:56  Drone  
  114  6:59  Drone  
  114  7:03  Evolution Chamber  
  114  7:04  Extractor  
  114  7:05  Drone  
  114  7:06  Extractor, Drone  
  114  7:08  Extractor  
  112  7:09  Drone  
  112  7:10  Drone  
  112  7:11  Drone x2  
  112  7:15  Drone x3  
  118  7:16  Overlord  
  118  7:18  Drone  
  118  7:20  Spore Crawler  
  118  7:21  Drone  
  120  7:27  Overlord  
  115  7:41  Queen  
  113  7:46  Roach x7  
  115  7:56  Drone x6  
  115  7:57  Drone x2  
  123  8:02  Drone  
  123  8:05  Drone  
  125  8:06  Glial Reconstitution  
  125  8:07  Zerg Missile Weapons Level 1, Hatchery  
  123  8:14  Ravager  
  123  8:15  Drone  
  123  8:16  Drone x3  
  123  8:17  Roach, Infestation Pit  
  129  8:22  Overlord  
  127  8:27  Roach x2  
  127  8:31  Roach  
  127  8:32  Roach  
  106  8:38  Roach x4  
  102  8:45  Roach x5  
  106  8:48  Roach  
  106  8:54  Roach x3, Ravager  
  106  8:55  Ravager x2  
  115  8:57  Roach x2  
  115  9:01  Roach  
  121  9:05  Ravager x3  
  121  9:06  Roach  
  121  9:07  Roach x3  
  121  9:09  Overlord  
  132  9:10  Zergling x2  
  133  9:17  Overlord  
  133  9:18  Overlord  
  133  9:21  Drone x3  
  133  9:23  Drone  
  133  9:24  Drone x2  
  133  9:28  Ravager x3  
  133  9:29  Roach  
  133  9:30  Roach  
  141  9:31  Drone  
  141  9:33  Drone x2  
  143  9:43  Roach x4  
  143  9:44  Roach x2  
  153  9:46  Overlord  
  144  10:01  Roach x4  
  144  10:06  Roach x4  
  158  10:09  Overlord  
  146  10:21  Swarm Host x4  
  146  10:23  Roach  
  146  10:24  Overlord  
  146  10:28  Roach x7  
  165  10:33  Roach  
  165  10:35  Roach  
  165  10:38  Roach x2  
  165  10:40  Zergling x2  
  166  10:44  Overlord  
  166  10:45  Roach x2  
  160  10:50  Roach  
  160  10:51  Roach x2  
  160  10:56  Queen  
  165  10:57  Roach x3  
  165  10:59  Roach  
  170  11:09  Roach x4  
  164  11:16  Roach x3  
  152  11:19  Roach x2  
  152  11:22  Swarm Host x2  
  153  11:27  Queen  
  153  11:29  Roach x2  
  153  11:31  Drone x2  
  159  11:39  Roach  
  153  11:41  Roach  
  153  11:42  Roach x2  
  153  11:44  Queen x2  
  153  11:46  Ravager x3  
  153  11:47  Ravager  
  145  11:51  Roach x2  
  145  11:52  Zerg Missile Weapons Level 2, Roach  
  145  11:54  Roach  
  152  12:01  Roach  
  152  12:02  Roach  
  152  12:06  Roach x2  
  155  12:12  Roach  
  155  12:13  Roach  
  152  12:18  Roach  
  152  12:19  Roach x4  
  144  12:27  Roach x5  
  153  12:31  Drone  
  153  12:32  Extractor, Hive  
  153  12:35  Roach x2  
  157  12:39  Hydralisk Den  
  157  12:40  Drone  
  157  12:41  Drone  
  155  12:45  Drone x5  
  159  12:54  Drone x5  
  159  12:56  Drone x2  
  163  13:17  Hydralisk x10  
  175  13:20  Muscular Augments  
  175  13:22  Drone  
  176  13:28  Hydralisk x3  
  176  13:33  Hydralisk x3  
  182  13:41  Roach x4  
  174  13:49  Roach x2  
  174  13:50  Roach x3  
  182  13:56  Roach  
  178  14:03  Roach x3  
  178  14:04  Overlord  
  178  14:06  Overlord  
  180  14:15  Viper  
  180  14:16  Viper  
  184  14:19  Viper  
  184  14:22  Roach x4  
  181  14:27  Extractor  
  181  14:30  Drone x7  
  187  14:32  Viper, Grooved Spines  
  190  14:39  Roach x4  
  190  14:40  Roach  
  194  14:54  Overlord  
  194  14:56  Overlord  
  194  14:58  Overlord  
  179  15:08  Hydralisk x3  
  179  15:10  Hydralisk x2  
  179  15:11  Overlord x2  
  175  15:16  Roach x7  
  175  15:19  Drone x3  
  185  15:25  Drone x2  
  180  15:29  Hydralisk x2  
  180  15:32  Hydralisk x2  
  180  15:33  Hydralisk  
  190  15:45  Drone x3  
  190  15:49  Hydralisk x4  
  179  16:01  Roach x4  
  179  16:02  Roach  
  190  16:04  Ravager x3  
  190  16:08  Roach  
  194  16:15  Roach x3  
  200  16:21  Overseer  
  200  16:30  Spine Crawler  
  191  16:49  Hydralisk x2  
  191  16:50  Hydralisk x6  
  179  16:56  Roach  
  179  17:00  Roach x3  
  179  17:01  Roach x2  
  183  17:02  Drone x2  
  183  17:03  Drone  
  183  17:06  Drone  
  187  17:09  Hydralisk  
  187  17:12  Drone  
  190  17:20  Roach x3  
  192  17:29  Roach x4  
  193  17:35  Roach x2  
  181  17:39  Infestor  
  181  17:42  Infestor  
  173  17:52  Infestor  
  175  18:03  Infestor  
  175  18:05  Zergling x10  
  179  18:06  Zergling x2  
  183  18:15  Roach x2  
  183  18:18  Roach x2  
  191  18:23  Roach  
  193  18:27  Roach  
  193  18:28  Roach  
  197  18:40  Roach x2  
  181  18:48  Overlord  
  143  19:02  Roach  
  135  19:16  Overlord  
  133  19:19  Overlord  
Show
View Real Time Build Order
Export as new Build Order

gumiho Terran - Winner!

Build Orders: Gas First Reaper Expand, Hellion Opening, Mech 

Get SALT Encoding   

  12  0:00  SCV  
  13  0:12  SCV  
  14  0:19  Supply Depot  
  14  0:24  SCV  
  14  0:27  Refinery  
  15  0:41  SCV  
  16  0:45  Barracks  
  16  0:53  SCV  
  17  1:05  SCV  
  18  1:17  SCV  
  19  1:31  Orbital Command  
  19  1:32  Reaper  
  20  1:43  Command Center  
  20  1:53  Factory  
  20  1:57  SCV  
  21  2:04  Supply Depot  
  21  2:05  Barracks Reactor  
  21  2:10  SCV  
  21  2:15  Refinery  
  22  2:22  SCV  
  23  2:34  SCV  
  24  2:46  SCV  
  24  2:47  Hellion x2  
  24  2:49  Reaper  
  30  2:55  Orbital Command  
  30  2:58  SCV  
  31  3:00  Armory  
  31  3:08  Hellion  
  31  3:09  Hellion  
  31  3:10  SCV  
  36  3:20  SCV  
  36  3:22  Reaper  
  36  3:23  SCV  
  39  3:29  Hellion  
  39  3:30  Hellion  
  39  3:31  Supply Depot  
  39  3:33  SCV  
  44  3:48  SCV x2  
  48  3:56  Hellion x2  
  48  4:00  SCV  
  48  4:01  SCV  
  50  4:04  Hellion  
  50  4:13  SCV x2  
  50  4:15  Command Center  
  50  4:21  Hellion  
  50  4:22  Hellion  
  51  4:25  SCV  
  48  4:35  SCV  
  48  4:37  SCV  
  50  4:41  Refinery x2  
  50  4:42  Terran Vehicle And Ship Armor Level 1  
  50  4:45  Barracks Tech Lab, Factory  
  54  4:47  Factory  
  54  4:50  SCV  
  54  4:52  Supply Depot x2  
  51  4:56  SCV  
  51  4:57  Hellion x2  
  52  5:02  SCV  
  49  5:08  SCV  
  50  5:14  SCV  
  50  5:20  SCV  
  52  5:25  Siege Tank, Marine x2  
  52  5:26  SCV  
  52  5:28  Orbital Command  
  58  5:30  Factory Tech Lab  
  58  5:31  Factory Reactor  
  58  5:32  SCV  
  58  5:33  Starport  
  59  5:38  Bunker  
  59  5:39  SCV  
  59  5:40  Bunker  
  60  5:43  Marine  
  60  5:44  SCV  
  60  5:48  Marine  
  63  5:51  Siege Tank, SCV  
  67  5:57  Siege Tank  
  67  5:59  Supply Depot  
  67  6:00  Orbital Command, SCV  
  67  6:02  Supply Depot  
  73  6:11  Medivac  
  73  6:12  Hellion x2  
  73  6:14  SCV x2  
  79  6:19  Bunker  
  79  6:21  Hellion x4  
  79  6:26  SCV x2  
  79  6:27  Bunker  
  79  6:29  Siege Tank  
  79  6:30  Siege Tank  
  87  6:34  Bunker  
  87  6:39  Mag-Field Accelerator  
  87  6:40  Hellion x2  
  87  6:43  Viking  
  87  6:46  SCV x2  
  95  6:54  Factory x2, Terran Vehicle And Ship Armor Level 2  
  95  6:58  SCV x2  
  97  7:03  Hellion x2  
  101  7:16  Orbital Command, Starport Tech Lab  
  101  7:18  Supply Depot  
  101  7:24  SCV x2  
  101  7:27  Siege Tank  
  101  7:28  Hellion x2  
  101  7:29  Orbital Command  
  109  7:39  SCV x2  
  109  7:40  Hellion  
  112  7:45  Hellion  
  112  7:49  Hellion  
  112  7:51  Hellion x3  
  109  7:52  SCV x2  
  109  8:02  Cyclone  
  109  8:03  Factory Tech Lab, Hellion x2  
  109  8:05  Factory Tech Lab  
  116  8:06  Engineering Bay, Refinery  
  116  8:07  Banshee, Refinery  
  116  8:09  Supply Depot  
  116  8:10  Supply Depot x2  
  117  8:19  SCV x2, Supply Depot  
  115  8:31  Cyclone x2, Hellion x4  
  125  8:34  Hellion  
  111  8:44  SCV x3  
  111  8:47  Command Center  
  109  8:52  Raven, Hellion x2  
  109  8:53  Hellion  
  109  8:55  Cyclone  
  120  8:56  Factory  
  120  8:59  Factory  
  120  9:00  Hellion  
  122  9:03  Hellion  
  122  9:05  Cyclone, Supply Depot  
  122  9:08  Missile Turret  
  122  9:09  Missile Turret  
  127  9:13  Terran Vehicle Weapons Level 1  
  125  9:24  Cyclone  
  125  9:26  Infernal Pre-Igniter  
  125  9:27  Cyclone  
  125  9:28  Hellion  
  125  9:29  Hellion  
  125  9:30  Hellion  
  135  9:37  Cyclone  
  138  9:39  Sensor Tower  
  138  9:43  Hellion  
  144  9:53  Hellion x2  
  144  9:56  Cyclone  
  144  9:59  Banshee, Cyclone, Hellion  
  146  10:04  Hellion  
  145  10:08  Factory Tech Lab  
  145  10:09  Factory Tech Lab, Cyclone  
  143  10:19  Hellion x2  
  144  10:21  Hellion  
  142  10:28  Cyclone  
  142  10:29  Cyclone  
  142  10:30  Hellion x2  
  142  10:31  Cyclone  
  141  10:41  Cyclone  
  126  10:44  Banshee  
  106  10:51  Cyclone, SCV  
  106  10:54  Hellion  
  107  10:58  Hellion  
  107  11:00  Cyclone  
  107  11:01  Cyclone  
  107  11:04  Cyclone  
  113  11:13  Cyclone  
  107  11:22  Hellion x2  
  107  11:23  Cyclone  
  101  11:28  Banshee  
  101  11:30  Orbital Command  
  99  11:32  Cyclone  
  99  11:34  Hellion  
  99  11:36  Cyclone  
  91  11:43  Hellion  
  87  11:51  Cyclone  
  90  11:59  Hellion  
  90  12:00  Factory Reactor  
  92  12:03  Orbital Command  
  92  12:06  Cyclone  
  93  12:17  Hellion x2  
  93  12:20  Cyclone  
  93  12:22  Hellion  
  91  12:23  Hellion x2  
  93  12:38  Cyclone, SCV, Hellion  
  93  12:39  SCV x2, Hellion  
  93  12:42  Orbital Command  
  93  12:43  Hellion  
  105  12:45  Hellion  
  105  12:47  Hellion x2  
  105  12:48  Hellion  
  111  12:53  Cyclone  
  110  12:59  Hellion  
  110  13:00  Hellion  
  110  13:05  Hellion  
  116  13:07  Hellion  
  116  13:08  Hellion  
  116  13:09  Hellion  
  122  13:15  Cyclone  
  122  13:16  Hellion  
  127  13:22  Cyclone, Hellion  
  127  13:27  Cyclone  
  135  13:29  Hellion  
  135  13:30  Hellion  
  137  13:36  Cyclone  
  137  13:38  Cyclone  
  141  13:42  Supply Depot  
  141  13:46  Supply Depot  
  141  13:47  SCV x2, Supply Depot  
  143  13:50  Cyclone  
  146  14:02  Cyclone x2  
  148  14:03  Starport Reactor  
  148  14:05  SCV x3  
  151  14:15  Cyclone  
  151  14:17  Cyclone  
  151  14:20  Hellion  
  151  14:22  Cyclone  
  159  14:24  SCV x2  
  159  14:27  Supply Depot  
  159  14:28  Supply Depot  
  161  14:36  Cyclone, Hellion  
  166  14:40  Refinery  
  166  14:48  Supply Depot  
  166  14:49  Supply Depot  
  166  14:50  Medivac  
  166  14:52  Medivac  
  168  15:00  Hellion x3  
  168  15:03  Cyclone  
  168  15:05  Cyclone  
  165  15:11  Cyclone x2  
  169  15:19  Hellion x2  
  169  15:20  Medivac  
  171  15:23  Cyclone  
  171  15:27  Hellion x2  
  174  15:33  Refinery  
  174  15:35  Cyclone  
  173  15:38  Cyclone  
  173  15:40  Medivac  
  178  15:48  Cyclone  
  173  15:54  Cyclone  
  173  15:56  Cyclone  
  165  15:57  Hellion  
  165  15:58  Hellion  
  165  16:01  Hellion  
  166  16:08  Cyclone  
  169  16:12  Hellion  
  169  16:13  Hellion  
  175  16:18  Hellion  
  175  16:20  Hellion  
  175  16:24  SCV  
  175  16:25  SCV x3  
  181  16:29  Cyclone  
  184  16:34  Cyclone  
  184  16:36  Cyclone  
  190  16:42  Cyclone  
  179  16:49  Cyclone  
  179  16:50  Widow Mine  
  172  17:02  Cyclone  
  172  17:03  Medivac  
  172  17:04  Medivac  
  172  17:06  Cyclone  
  172  17:08  Cyclone  
  185  17:10  Orbital Command  
  185  17:14  Cyclone  
  188  17:21  Cyclone  
  195  17:23  Hellion x2  
  189  17:34  Cyclone  
  189  17:35  Hellion  
  189  17:36  Hellion  
  189  17:38  Cyclone  
  189  17:40  Hellion  
  193  17:46  Cyclone  
  193  17:47  Hellion  
  193  17:48  Hellion  
  198  18:26  Hellion  
  200  18:41  Cyclone x2  
  196  18:53  Cyclone  
  176  19:07  Cyclone x2  
  161  19:13  Cyclone x2  
  161  19:19  Hellion x2  
  161  19:23  Hellion x2  
  169  19:25  Cyclone  
  140  19:40  Hellion  
  140  19:41  Hellion  

Tags
 
Add a new tag
Caveats
  • Supply blocks, unpowered buildings, or Contaminate may cause inaccurate times.
  • Supply counts are checked every 10 seconds.